AoeStats
← xbuner2009

African Clearing

510554317Analyzed
4v4 RM · 13h ago on Oct 1, 2026· 48m 33s· 8 players
Game mode
Random Map
Map size
Large (8 player)
Population
200
Speed
Normal
Resources
Standard
Victory
Conquest
Starting age
Dark Age
Ending age
Imperial Age
RankedLock teamsTeams togetherTeam positionsShared explorationLock speedFull tech treeHidden civsTurbo modeCheats
Victory
Defeat
🇹🇼 Varangians · Taiwan
1289
+13
🇹🇼 Persians · Taiwan
1280
+13
🇹🇼 Magyars · Taiwan
1266
+14
🇭🇰 Khmer · Hong Kong SAR China
1242
+15
🇵🇱 Saxons · Poland
1251
-16
🇬🇷 Magyars · Greece
1211
-13
🇪🇸 Burgundians · Spain
1210
-13
🇰🇬 Hindustanis · Kyrgyzstan
1207
-13
虫
5:57 Loom
13:43 Feudal Age
18:25 Castle Age
16:27 Double-Bit Axe
18:45 Town Watch
19:31 Bow Saw
20:28 Horse Collar
21:04 Gold Mining
21:05 Stone Mining
24:19 Heavy Plow
27:03 Gold Shaft Mining
27:47 Wheelbarrow
33:12 Imperial Age
30:58 Hand Cart
34:16 Stone Shaft Mining
34:03 Scale Barding Armor
34:09 Forging
34:24 Town Patrol
34:56 Crop Rotation
35:24 Fortified Wall
35:36 Husbandry
35:47 Bloodlines
37:00 Chain Barding Armor
37:16 Iron Casting
37:34 Conscription
37:15 Tusk Swords
37:35 Elite Battle Elephant
39:29 Plate Barding Armor
40:02 Blast Furnace
40:09 Capped Ram
aireight
4:11 Loom
13:10 Feudal Age
15:30 Town Watch
16:25 Bloodlines
20:04 Castle Age
17:55 Double-Bit Axe
17:54 Horse Collar
19:27 Forging
21:01 Bow Saw
27:41 Scale Barding Armor
29:23 Chain Barding Armor
35:20 Wheelbarrow
37:45 Vendel Legacy
40:06 Iron Casting
45:15 Imperial Age
43:38 Scale Mail Armor
44:08 Squires
43:54 Arson
44:33 Heavy Plow
44:25 Gold Mining
44:26 Stone Mining
44:57 Hand Cart
45:27 Chain Mail Armor
45:48 Elite Varangian Guard
47:14 Plate Mail Armor
48:26 Blast Furnace
A POPO
11:59 Feudal Age
13:54 Loom
15:13 Double-Bit Axe
19:54 Horse Collar
20:40 Scale Barding Armor
28:27 Castle Age
27:10 Bloodlines
28:59 Wheelbarrow
30:49 Light Cavalry
31:52 Bow Saw
31:56 Husbandry
33:22 Chain Barding Armor
37:42 Hand Cart
45:04 Imperial Age
43:24 Heavy Plow
43:52 Pikeman
46:07 Conscription
45:40 Fletching
45:50 Padded Archer Armor
46:29 Heavy Cavalry Archer
47:35 Parthian Tactics
47:15 Thumb Ring
xbuner2009
12:49 Loom
15:03 Feudal Age
15:50 Double-Bit Axe
15:47 Fishing Lines
16:02 Horse Collar
21:06 Castle Age
19:45 Gold Mining
20:09 Bloodlines
20:12 Scale Barding Armor
20:18 Forging
21:07 Stone Mining
22:05 Bow Saw
22:52 Wheelbarrow
22:38 Heavy Plow
26:49 Gold Shaft Mining
28:15 Forging
32:13 Chain Barding Armor
32:28 Iron Casting
37:03 Imperial Age
36:19 Husbandry
36:42 Cavalier
38:33 Plate Barding Armor
38:59 Blast Furnace
38:04 Cavalier
40:23 Conscription
40:30 Savar
42:07 Stone Shaft Mining
43:42 Hand Cart
45:48 Two-Man Saw
45:24 Crop Rotation
PILLOSAURIO
7:35 Double-Bit Axe
10:47 Loom
14:52 Feudal Age
14:18 Gold Mining
18:24 Castle Age
16:55 Bow Saw
20:53 Two-Man Saw
24:21 Gold Shaft Mining
25:08 Wheelbarrow
24:18 Town Watch
24:30 Town Watch
25:12 Horse Collar
27:10 Husbandry
27:17 Scale Barding Armor
28:39 Hand Cart
28:22 Stone Mining
29:52 Two-Man Saw
30:31 Stone Shaft Mining
30:01 Cavalier
31:35 Town Patrol
32:09 Fletching
32:33 Heavy Plow
33:19 Forging
33:57 Chain Barding Armor
35:42 Devotion
36:26 Crop Rotation
35:53 Light Cavalry
37:17 Iron Casting
41:36 Imperial Age
39:53 Scale Mail Armor
39:44 Pikeman
40:24 Squires
40:56 Chain Mail Armor
Firkrag
5:15 Loom
14:48 Feudal Age
16:34 Double-Bit Axe
20:08 Castle Age
19:41 Fletching
19:53 Padded Archer Armor
26:48 Horse Collar
29:59 Bloodlines
30:11 Bodkin Arrow
30:51 Town Watch
32:57 Husbandry
33:51 Wheelbarrow
French Connection
5:44 Loom
13:23 Feudal Age
14:50 Double-Bit Axe
17:33 Castle Age
15:48 Gold Mining
18:06 Wheelbarrow
20:25 Stone Mining
22:12 Horse Collar
33:27 Imperial Age
31:46 Hand Cart
31:53 Hand Cart
31:54 Bow Saw
31:46 Heavy Plow
32:39 Scale Barding Armor
32:45 Bloodlines
33:31 Gold Shaft Mining
33:51 Chain Barding Armor
34:04 Forging
33:55 Husbandry
33:30 Heavy Camel Rider
35:27 Plate Barding Armor
36:51 Chemistry
36:29 Iron Casting
35:44 Fletching
35:54 Padded Archer Armor
37:20 Imperial Camel Rider
39:37 Blast Furnace
38:33 Bodkin Arrow
38:56 Shatagni
41:24 Grand Trunk Road
43:17 Stone Shaft Mining
43:08 Padded Archer Armor
43:08 Bracer
44:06 Hoardings
43:31 Murder Holes
43:57 Ballistics
44:41 Leather Archer Armor
47:22 Ring Archer Armor
47:09 Masonry
nikos9730
5:05 Loom
13:08 Feudal Age
18:21 Double-Bit Axe
19:08 Horse Collar
23:10 Castle Age
21:44 Gold Mining
24:40 Wheelbarrow
24:26 Bow Saw
24:19 Heavy Plow
28:36 Fletching
30:00 Gold Shaft Mining
29:54 Ballistics
30:51 Bodkin Arrow
Connection lost

Rejoining the realm…

Still unreachable

The connection could not be restored.

Session expired

The server has moved on; the page needs a fresh start.